 Dungeon Crawl Stone Soup version 0.21.0-3-g78d12a8 (webtiles) character file.

9047 Jatast the Geomancer (level 11, -11/69 HPs)
             Began as a Gargoyle Earth Elementalist on Jan 10, 2018.
             Was a Believer of Sif Muna.
             Mangled by a komodo dragon (20 damage)
             ... on level 1 of the Lair of Beasts.
             The game lasted 00:39:18 (12871 turns).

Jatast the Geomancer (Gargoyle Earth Elementalist) Turns: 12871, Time: 00:39:19

Health: -11/69     AC: 18    Str: 13    XL:     11   Next: 40%
Magic:  9/24       EV: 11    Int: 20    God:    Sif Muna [**....]
Gold:   804        SH:  0    Dex: 12    Spells: 12/28 levels left

rFire    . . .     SeeInvis .   M - +2 dagger (venom)
rCold    . . .     Gourm    .   (no shield)
rNeg     + . .     Faith    .   L - +1 leather armour of Nury {Int+2 Dex+2}
rPois    ∞         Spirit   .   o - +1 helmet
rElec    +         Reflect  .   k - +0 cloak
rCorr    +         Harm     .   E - +0 pair of gloves
MR       .....                  r - +0 pair of boots
Stlth    ++........             (no amulet)
HPRegen  0.21/turn              A - ring of flight
MPRegen  0.19/turn              H - ring of resist corrosion

@: divine energy
A: negative energy resistance 1, electricity resistance, unbreathing,
petrification resistance, rot immunity, AC +8
a: Stop Divine Energy, Renounce Religion, Evoke Flight


You were on level 1 of the Lair of Beasts.
You worshipped Sif Muna.
Sif Muna was pleased with you.
You were hungry.

You visited 3 branches of the dungeon, and saw 12 of its levels.

You collected 804 gold pieces.

Inventory:

Hand Weapons
 f - a +1 dagger of draining
 M - a +2 dagger of venom (weapon)
Missiles
 b - 170 stones (quivered)
Armour
 k - a +0 cloak (worn)
 o - a +1 helmet (worn)
 r - a +0 pair of boots (worn)
 E - a +0 pair of gloves (worn)
 L - the +1 leather armour of Nury (worn) {Int+2 Dex+2}
   (You found it on level 8 of the Dungeon)

   It affects your intelligence (+2).
   It affects your dexterity (+2).
Jewellery
 A - a ring of flight (left hand)
 H - a ring of resist corrosion (right hand)
 J - an uncursed ring of magical power {unknown}
 K - an uncursed ring of protection from fire {unknown}
Wands
 p - a wand of enslavement (11)
 s - a wand of digging (23)
 t - a wand of disintegration (21)
 I - a wand of polymorph (18)
 N - a wand of flame (17)
 O - a wand of scattershot (4)
Scrolls
 c - 2 scrolls of immolation
 l - a scroll of teleportation
 w - 3 scrolls of fog
 B - a scroll of enchant weapon
 C - a scroll of magic mapping
 D - 3 scrolls of remove curse
 F - a scroll of summoning
 Q - 2 scrolls of amnesia
Potions
 a - a potion of flight
 g - 5 potions of heal wounds
 h - a potion of haste
 i - 3 potions of might
 j - a potion of curing {unknown}
 m - a potion of degeneration {unknown}
 n - 3 potions of ambrosia
 q - 2 potions of agility {unknown}
 u - 2 potions of lignification
 v - a potion of berserk rage {unknown}
 x - a potion of invisibility
 z - a potion of brilliance
Books
 e - a book of Geomancy

   Spells                             Type                      Level
   a - Sandblast                      Earth                        1
   b - Passwall                       Transmutation/Earth          2
   c - Stone Arrow                    Conjuration/Earth            3
   d - Petrify                        Transmutation/Earth          4
   e - Lee's Rapid Deconstruction     Earth                        5
 y - a book of Flames

   Spells                             Type                      Level
   a - Flame Tongue                   Conjuration/Fire             1
   b - Throw Flame                    Conjuration/Fire             2
   c - Conjure Flame                  Conjuration/Fire             3
   d - Inner Flame                    Hexes/Fire                   3
   e - Sticky Flame                   Conjuration/Fire             4
   f - Fireball                       Conjuration/Fire             5
 G - a book of Debilitation

   Spells                             Type                      Level
   a - Corona                         Hexes                        1
   b - Slow                           Hexes                        2
   c - Inner Flame                    Hexes/Fire                   3
   d - Portal Projectile              Hexes/Translocation          3
   e - Cause Fear                     Hexes                        4
   f - Leda's Liquefaction            Hexes/Earth                  4
Comestibles
 d - 14 rations


   Skills:
 + Level 8.4 Fighting
 + Level 5.2 Armour
 - Level 1.5 Dodging
 - Level 2.1 Stealth
 + Level 9.2 Spellcasting
 + Level 8.1 Conjurations
 - Level 0.7 Transmutations
 - Level 10.6 Earth Magic


You had 12 spell levels left.
You knew the following spells:

 Your Spells              Type           Power        Failure   Level  Hunger
a - Sandblast             Erth           ######       1%          1    None
b - Stone Arrow           Conj/Erth      #####.       1%          3    None
c - Lee's Rapid Deconstr  Erth           ######....   3%          5    #####..
d - Conjure Flame         Conj/Fire      ####....     4%          3    None
e - Petrify               Tmut/Erth      ####....     9%          4    ###....


Dungeon Overview and Level Annotations

Branches:
Dungeon (10/15)            Temple (1/1) D:6            Lair (1/6) D:9
    Orc: D:9-12

Altars:
Ashenzari
Cheibriados
Dithmenos
Elyvilon
Fedhas
Gozag
Hepliaklqana
Kikubaaqudgha
Makhleb
Nemelex Xobeh
Okawaru
Qazlal
Ru
Sif Muna
Trog
Uskayaw
Vehumet
Wu Jian
Xom
Yredelemnul
Zin
The Shining One

Shops:
D:6 [

Portals:
Trove: D:10 (give 16 potions of curing)

Annotations:
D:2 Sigmund


Innate Abilities, Weirdness & Mutations

You are resistant to torment.
Your stone body is resilient. (AC +8)
You are immune to poison.
You resist negative energy. (rN+)
You are resistant to electric shocks. (rElec)
You can survive without breathing.
You are immune to petrification.
You are immune to rotting.


Message History

The komodo dragon bites you!!
* * * LOW HITPOINT WARNING * * *
Casting: Stone Arrow
Confirm with . or Enter, or press ? or * to list all spells.
Aiming: Stone Arrow
Press: ? - help, Shift-Dir - straight line, f/p - komodo dragon
Aim: a komodo dragon (almost dead)
The stone arrow hits the komodo dragon.
The komodo dragon is almost dead.
The komodo dragon bites you but does no damage.
Casting: Stone Arrow
Confirm with . or Enter, or press ? or * to list all spells.
Aiming: Sandblast
Press: ? - help, Shift-Dir - straight line, f/p - komodo dragon
Aim: a komodo dragon (almost dead)
The blast of sand hits the komodo dragon.
The komodo dragon is almost dead.
b - 170 stones The komodo dragon bites you!!
You die...

.######.##..#
...........
.........
.!..[.. ..... P
?.. .# ..
####l####.# ...
#...@.....#
....#.......#.#
..............#
...#..<......#
..............#
....#.......#.#
....##.##.##..#
..............#
............#


You could see a komodo dragon.

Vanquished Creatures
  The ghost of theanonym the Zephyrmancer, a journeyman TeAE of Vehumet (D:10)
  2 two-headed ogres (D:8)
  The ghost of barbarian the Shield-Bearer, a novice DgFi (D:8)
  An ugly thing (D:10)
  Maurice (D:9)
  3 trolls
  Grinder (D:6)
  A hippogriff (D:9)
  A wyvern (D:8)
  A water moccasin (D:9)
  3 sky beasts
  2 ice beasts
  4 orc warriors
  A black bear (D:10)
  5 ogres
  A necrophage (D:9)
  4 phantoms
  4 centaurs
  Blork the orc (D:6)
  5 bullfrogs
  A gnoll sergeant (D:9)
  2 wyvern skeletons
  2 scorpions
  5 wights (D:7)
  A howler monkey (D:7)
  3 crimson imps
  A centaur zombie (D:9)
  A quasit (D:10)
  6 jellies
  3 orc priests
  3 hounds
  3 centaur skeletons
  4 orc wizards
  4 iguanas
  6 worker ants
  A killer bee zombie (D:7)
  A hound zombie (D:9)
  A hound skeleton (D:10)
  A worker ant zombie (D:9)
  9 gnolls
  10 adders
  2 howler monkey skeletons
  A shadow imp (D:7)
  6 oozes
  An adder skeleton (D:4)
  5 worms
  4 dart slugs
  5 leopard geckos
  21 orcs
  A giant cockroach (D:3)
  3 goblins
  3 hobgoblins (D:3)
  6 jackals
  8 kobolds
  2 quokkas
  7 bats
  4 frilled lizards
  A giant cockroach zombie (D:5)
  9 rats
200 creatures vanquished.

Vanquished Creatures (others)
  An orc wizard (D:7)
1 creature vanquished.

Grand Total: 201 creatures vanquished

Notes
Turn   | Place    | Note
-------+----------+-------------------------------------------
     0 | D:1      | Jatast the Gargoyle Earth Elementalist began the quest for the Orb.
     0 | D:1      | Reached XP level 1. HP: 10/10 MP: 3/3
   370 | D:1      | Reached XP level 2. HP: 15/15 MP: 5/5
   381 | D:1      | Reached skill level 4 in Earth Magic
  1077 | D:2      | Reached XP level 3. HP: 19/19 MP: 3/6
  1309 | D:2      | Noticed Sigmund
  1678 | D:2      | Reached skill level 1 in Fighting
  1884 | D:3      | Reached XP level 4. HP: 25/25 MP: 5/8
  1915 | D:3      | Learned a level 3 spell: Stone Arrow
  2363 | D:3      | Found a glowing golden altar of the Shining One.
  2835 | D:4      | Reached skill level 5 in Earth Magic
  2835 | D:4      | Reached XP level 5. HP: 23/30 MP: 4/9
  3050 | D:4      | Learned a level 5 spell: Lee's Rapid Deconstruction
  3220 | D:4      | Reached XP level 6. HP: 32/36 MP: 5/11
  3609 | D:4      | Found an opulent altar of Gozag.
  3609 | D:4      | Found a bloodstained altar of Trog.
  3712 | D:4      | Reached skill level 6 in Earth Magic
  3825 | D:5      | Entered Level 5 of the Dungeon
  3928 | D:5      | Found a sacrificial altar of Ru.
  4013 | D:5      | Noticed an ice beast
  4023 | D:5      | Killed an ice beast
  4023 | D:5      | Reached XP level 7. HP: 12/43 MP: 5/13
  4838 | D:6      | Reached skill level 5 in Spellcasting
  4838 | D:6      | Reached skill level 7 in Earth Magic
  4894 | D:6      | Reached skill level 5 in Fighting
  4950 | D:6      | Reached XP level 8. HP: 44/49 MP: 12/15
  5039 | D:6      | Found a shattered altar of Ashenzari.
  5100 | D:6      | Noticed an eight-headed hydra
  5273 | D:6      | Found Nucyok's Armour Emporium.
  5284 | D:6      | Noticed Blork the orc
  5307 | D:6      | Killed Blork the orc
  5307 | D:6      | Reached skill level 8 in Earth Magic
  5387 | D:6      | Found a staircase to the Ecumenical Temple.
  5407 | Temple   | Entered the Ecumenical Temple
  5680 | D:6      | Noticed Grinder
  5688 | D:6      | Killed Grinder
  5779 | D:6      | Found a hide-covered altar of Uskayaw.
  5782 | D:6      | Noticed a hand axe
  5783 | D:6      | Noticed a hand axe
  5890 | D:7      | Reached skill level 1 in Conjurations
  5909 | D:7      | Reached XP level 9. HP: 48/56 MP: 11/18
  6057 | D:7      | Found a basalt altar of Yredelemnul.
  6350 | D:6      | Reached skill level 9 in Earth Magic
  7045 | D:7      | Found a hazy altar of Hepliaklqana.
  7045 | D:7      | Found a glowing silver altar of Zin.
  7048 | D:7      | Found a sparkling altar of Nemelex Xobeh.
  7052 | D:7      | Found a stormy altar of Qazlal.
  7052 | D:7      | Found a deep blue altar of Sif Muna.
  7052 | D:7      | Found an ornate altar of the Wu Jian Council.
  7054 | D:7      | Found a snail-covered altar of Cheibriados.
  7056 | D:7      | Found an iron altar of Okawaru.
  7061 | D:7      | Became a worshipper of Sif Muna the Loreminder
  7551 | D:8      | Noticed barbarian's ghost (novice DgFi)
  8325 | D:8      | Got a warped leather armour
  8598 | D:7      | Identified the +1 leather armour of Nury {Int+2 Dex+2} (You found it on level 8 of the Dungeon)
  8624 | D:8      | Reached skill level 10 in Earth Magic
  8651 | D:8      | Reached skill level 5 in Conjurations
  8753 | D:8      | Reached * piety under Sif Muna
  8809 | D:8      | Reached XP level 10. HP: 61/61 MP: 21/21
  9159 | D:8      | Noticed a two-headed ogre
  9181 | D:8      | Killed barbarian's ghost
  9354 | D:8      | Killed a two-headed ogre
  9354 | D:8      | Reached skill level 1 in Armour
  9669 | D:8      | Noticed a two-headed ogre
  9757 | D:8      | HP: 3/61 [two-headed ogre/giant club (16)]
 10113 | D:8      | Killed a two-headed ogre
 10359 | D:9      | Reached ** piety under Sif Muna
 10365 | D:9      | Noticed Maurice
 10864 | D:9      | Reached XP level 11. HP: 68/68 MP: 18/23
 11067 | D:9      | Learned a level 3 spell: Conjure Flame
 11161 | D:9      | Found a staircase to the Lair.
 11479 | D:9      | Killed Maurice
 11638 | D:10     | Entered Level 10 of the Dungeon
 11718 | D:10     | Noticed theanonym's ghost (journeyman TeAE)
 11731 | D:10     | Killed theanonym's ghost
 11931 | D:10     | Reached skill level 5 in Armour
 11993 | D:10     | Noticed a red ugly thing
 12000 | D:10     | Killed a red ugly thing
 12556 | D:10     | Found a portal to a secret trove of treasure.
 12602 | D:10     | Learned a level 4 spell: Petrify
 12847 | Lair:1   | Entered Level 1 of the Lair of Beasts
 12871 | Lair:1   | Mangled by a komodo dragon

Skill      XL: |  1  2  3  4  5  6  7  8  9 10 11 |
---------------+----------------------------------+-----
Earth Magic    | 4 5 6 7 8 10 | 10.6
Fighting       | 1 2 4 5 6 7 8 |  8.4
Spellcasting   | 3 4 5 6 7 8 9 |  9.2
Conjurations   | 1 5 7 8 |  8.1
Armour         | 4 5 |  5.2
Dodging        | |  1.5
Stealth        | |  2.1
Transmutations | |  0.7

Action                   |  1- 3 |  4- 6 |  7- 9 | 10-12 || total
-------------------------+-------+-------+-------+-------++-------
Melee: Unarmed           |     8 |       |       |       ||     8
       Dagger            |    70 |   136 |   270 |   124 ||   600
Throw: Stone             |       |       |       |     2 ||     2
 Cast: Sandblast         |    13 |    41 |   161 |    70 ||   285
       Stone Arrow       |       |       |    10 |    32 ||    42
       Lee's Rapid Decon |       |       |     5 |    18 ||    23
       Conjure Flame     |       |       |       |     1 ||     1
Invok: Divine Energy     |       |       |       |     1 ||     1
Evoke: Wand              |       |       |     7 |       ||     7
  Use: Scroll            |     3 |     7 |     2 |     7 ||    19
       Potion            |       |       |     1 |       ||     1
 Stab: Sleeping          |     4 |       |       |     1 ||     5
  Eat: Chunk             |     3 |     7 |    17 |    10 ||    37
       Ration            |       |       |       |     2 ||     2
Armor: Robe              |     9 |       |       |       ||     9
       Ring mail         |    25 |    61 |   202 |       ||   288
       Leather armour    |       |       |    25 |    76 ||   101
Dodge: Dodged            |    32 |    72 |   155 |   105 ||   364
